 Dungeon Crawl Stone Soup version 0.32-a0-643-ga006e7742e (webtiles) character file.

Game seed: 7034078796839711931

2602 whatisthis the Fighter (level 9, -5/76 HPs)
             Began as a Demonspawn Gladiator on Mar 7, 2024.
             Was a Priest of Uskayaw.
             Slain by a manticore (9 damage)
             ... on level 7 of the Dungeon.
             The game lasted 00:19:59 (6001 turns).

whatisthis the Fighter (Demonspawn Gladiator)       Turns: 6001, Time: 00:19:59

Health: -5/76      AC:  9    Str: 15      XL:     9   Next: 33%
Magic:  0/9        EV: 12    Int:  7 (8)  God:    Uskayaw [***...]
Gold:   69         SH:  0    Dex: 19      Spells: 8/8 levels left

rFire   + + .        C - +3 long sword
rCold   + . .        (no shield)
rNeg    + . .        J - +2 leather armour {rPois}
rPois   +            c - +0 helmet
rElec   .            j - scarf {rC+ rF+}
rCorr   .            (no gloves)
SInv    .            (no boots)
Will    .....        z - amulet of the acrobat
Stlth   +            g - ring of protection from fire
HPRegen 0.32/turn    m - ring of positive energy
MPRegen 0.22/turn

%: acrobat, guardian spirit
@: no status effects
A: yellow scales 2, magic shield, magic regeneration, demonic touch 2
a: Renounce Religion, Stomp, Line Pass


You were on level 7 of the Dungeon.
You worshipped Uskayaw.
Uskayaw was noncommittal.
You visited 1 branch of the dungeon, and saw 7 of its levels.

You collected 462 gold pieces.
You spent 393 gold pieces at shops.

Inventory:

Hand Weapons
 o - a +0 great sword
 C - a +3 long sword (weapon)
Missiles
 d - a throwing net
 e - a javelin
 A - 6 poisoned darts (quivered)
Armour
 c - a +0 helmet (worn)
 j - a scarf of resistance (worn)
 J - a +2 leather armour of poison resistance (worn)
Jewellery
 g - a ring of protection from fire (left hand)
 m - a ring of positive energy (right hand)
 n - a ring of wizardry
 v - a ring of protection from fire
 x - a ring of see invisible
 z - an amulet of the acrobat (around neck)
Wands
 b - a wand of mindburst (8)
 I - a wand of digging (3)
Scrolls
 i - 2 scrolls of enchant armour
 l - 4 scrolls of teleportation
 q - 3 scrolls of immolation
 r - a scroll of poison
 w - 2 scrolls of noise
 y - a scroll of fog
 B - a scroll of brand weapon {unknown}
 E - a scroll of enchant weapon {unknown}
 F - a scroll of revelation {unknown}
 G - a scroll of blinking {unknown}
Potions
 a - a potion of lignification {unknown}
 f - a potion of cancellation
 h - a potion of degeneration
 p - a potion of heal wounds {unknown}
 s - a potion of berserk rage {unknown}
 t - 3 potions of curing {unknown}
 u - a potion of brilliance {unknown}
 D - a potion of enlightenment {unknown}
 H - a potion of might {unknown}


   Skills:
 + Level 9.3 Fighting
 + Level 8.7 Long Blades
 - Level 1.7 Throwing
 - Level 2.6 Dodging


You had 8 spell levels left.
You didn't know any spells.
Your spell library was empty.

Dungeon Overview and Level Annotations

Branches:
Dungeon (7/15)             Temple (0/1) D:6

Altars:
Fedhas
Gozag
Hepliaklqana
Sif Muna
Uskayaw

Shops:
D:2 (![   D:3 (   D:7 =*

Annotations:
D:4 1 runed translucent door, MakMorn's ghost, amateur MDFi


Innate Abilities, Weirdness & Mutations

You are mostly covered in yellow scales. (AC +3)
When hurt, damage is shared between your health and your magic reserves.
You regenerate magic rapidly.
Your touch may inflict irresistible damage on your foes.


Message History

a +0 flail; a +0 plate armour; an orc corpse The manticore flicks its tail.
The volley of spikes misses you.
You slash the manticore!
You touch the manticore!
The manticore is moderately wounded.
The manticore bites you!
The manticore claws you but does no damage. x2
You barely miss the manticore.
The manticore is moderately wounded.
The manticore bites you.
The manticore claws you but does no damage. x2
You hit the manticore. Your touch misses the manticore.
The manticore is moderately wounded.
The manticore bites you! The manticore claws you.
The manticore closely misses you.
You barely miss the manticore.
The manticore is moderately wounded.
The manticore bites you.
The manticore claws you but does no damage.
The manticore claws you.
You slash the manticore!
You touch the manticore.
The manticore is severely wounded.
The manticore completely misses you. The manticore claws you!
The manticore claws you.
Uskayaw will force your foes to helplessly watch your dance.
Uskayaw prepares the audience for your solo!
The helpless manticore fails to defend itself.
You hit the manticore but do no damage.
The manticore is severely wounded.
The manticore is no longer paralysed.
The manticore bites you!
* * * LOW HITPOINT WARNING * * *
The manticore claws you!
* * * LOW HITPOINT WARNING * * *
The manticore barely misses you.
Okay, then.
You hit the manticore. Your touch misses the manticore.
The manticore is severely wounded.
The manticore bites you!
You die...
Your body falls in perfect tune with the rhythm.

###################
#######..................
#........................
.#####'#########+#####..
#.# ##..##..###)# #)#
#.##..##..#.. #.#
#.##..##..#..
#.####+.+#####..##.B###.#
#.'....#@...'#°.##..##'.#
#.####+H+####.##..##○.#.#
#.# #.##..##..#.. #.#
##..##..###.. #.#
#..##..# #.. #+# ####+###
#.# #.# #..


You could see a manticore.

Vanquished Creatures
  A boulder beetle (D:6)
  Grinder (D:5)
  A yak (D:7)
  A wraith (D:7)
  2 steam dragons (D:7)
  An orc warrior (D:7)
  A sky beast (D:7)
  A centaur (D:7)
  2 phantoms
  4 killer bees
  A howler monkey (D:5)
  4 hounds
  A jelly (D:7)
  An orc priest (D:3)
  A sleepcap (D:4)
  4 iguanas
  3 orc wizards
  A mummy (D:5)
  3 gnolls (D:4)
  7 adders
  4 ufetubi
  A dart slug (D:3)
  A ribbon worm (D:4)
  7 orcs
  4 ball pythons
  6 endoplasms
  3 giant cockroaches
  11 goblins
  12 hobgoblins
  5 jackals
  7 kobolds
  3 quokkas
  5 bats
  A frilled lizard (D:2)
  6 rats
117 creatures vanquished.

Vanquished Creatures (others)
  A bullfrog (D:7)
  An orc (D:7)
2 creatures vanquished.

Grand Total: 119 creatures vanquished

Notes
Turn   | Place    | Note
-------+----------+-------------------------------------------
     0 | D:1      | whatisthis the Demonspawn Gladiator began the quest for the
                  | Orb.
     0 | D:1      | Reached XP level 1. HP: 16/16 MP: 1/1
   218 | D:1      | Gained mutation: You regenerate magic rapidly. [demonic
                  | ancestry]
   218 | D:1      | Reached XP level 2. HP: 21/23 MP: 2/2
   674 | D:2      | Found an opulent altar of Gozag.
   768 | D:2      | Reached XP level 3. HP: 26/28 MP: 3/3
   929 | D:2      | Found Gysmicid's Armour Emporium.
   968 | D:2      | You fall into a shaft and drop 2 floors!
  1036 | D:4      | Reached skill level 3 in Fighting
  1146 | D:4      | Gained mutation: You are partially covered in yellow
                  | scales. (AC +2) [demonic ancestry]
  1146 | D:4      | Reached XP level 4. HP: 26/35 MP: 4/4
  1295 | D:4      | Noticed MakMorn's ghost (amateur MDFi)
  1298 | D:4      | Found a runed translucent door.
  1320 | D:4      | Found a blossoming altar of Fedhas.
  1499 | D:3      | Found Tiexyom's Antique Weapon Shop.
  1546 | D:2      | Found Funen's Antique Weapon Boutique.
  1749 | D:2      | Found Siad's Distillery.
  2019 | D:3      | Reached skill level 4 in Fighting
  2019 | D:3      | Gained mutation: You are mostly covered in yellow scales.
                  | (AC +3) [demonic ancestry]
  2019 | D:3      | Reached XP level 5. HP: 30/42 MP: 5/5
  2164 | D:3      | Found a shimmering blue altar of Sif Muna.
  2174 | D:3      | Found a hide-covered altar of Uskayaw.
  2199 | D:3      | Became a worshipper of Uskayaw the Reveller
  2446 | D:3      | Bought a runed long sword for 169 gold pieces
  2487 | D:4      | Reached * piety under Uskayaw
  2512 | D:4      | Noticed a phantom
  2517 | D:4      | Reached ** piety under Uskayaw
  2518 | D:4      | Killed a phantom
  2518 | D:4      | Reached *** piety under Uskayaw
  2567 | D:4      | Gained mutation: When hurt, damage is shared between your
                  | health and your magic reserves. [demonic ancestry]
  2567 | D:4      | Reached XP level 6. HP: 21/49 MP: 6/6
  2943 | D:5      | Entered Level 5 of the Dungeon
  2943 | D:5      | Noticed Grinder
  3070 | D:5      | Reached skill level 5 in Fighting
  3070 | D:5      | Reached skill level 5 in Long Blades
  3641 | D:5      | Paralysed by Grinder for 2 turns
  3645 | D:5      | Killed Grinder
  3646 | D:5      | Reached skill level 6 in Fighting
  3646 | D:5      | Reached XP level 7. HP: 42/58 MP: 5/7
  4105 | D:6      | Found a staircase to the Ecumenical Temple.
  4191 | D:6      | Found a hazy altar of Hepliaklqana.
  4452 | D:7      | Noticed a wraith
  4511 | D:7      | Found Heorph's Elemental Accessories.
  4525 | D:7      | Found Ilai's Jewellery Shoppe.
  4541 | D:7      | Noticed a steam dragon
  4849 | D:2      | Bought a +2 leather armour of poison resistance for 224
                  | gold pieces
  4982 | D:7      | Noticed a steam dragon
  4998 | D:7      | Killed a steam dragon
  4999 | D:7      | Gained mutation: Your touch may inflict minor irresistible
                  | damage on your foes. [demonic ancestry]
  4999 | D:7      | Reached XP level 8. HP: 54/65 MP: 8/8
  5005 | D:7      | Reached **** piety under Uskayaw
  5012 | D:7      | Reached skill level 7 in Fighting
  5241 | D:7      | Reached skill level 8 in Fighting
  5341 | D:7      | Noticed a boulder beetle
  5755 | D:6      | Killed a boulder beetle
  5756 | D:6      | Reached skill level 9 in Fighting
  5756 | D:6      | Gained mutation: Your touch may inflict irresistible damage
                  | on your foes. [demonic ancestry]
  5756 | D:6      | Reached XP level 9. HP: 16/76 MP: 6/9
  5983 | D:7      | Noticed a manticore
  6001 | D:7      | Slain by a manticore

Illustrated notes

Levels and vault maps discovered:
D:1:      scummos_arrival_forest, layout_loops_ring
D:2:      layout_basic, basic_altar, serial_shops, shop,
          nicolae_shop_rolling_square, shop
D:3:      layout_rooms, mainiacjoe_overflow_catch_the_wave, serial_shops,
          nicolae_shop_just_a_little_nook, kennysheep_minor_cross
D:4:      cheibrodos_greedy_goblins, layout_basic, fedhas_ov_isle_minmay,
          hellmonk_ghost_happy_afterlife
D:5:      layout_rooms, gup_ossuary_entry_pyramid, uniq_grinder
D:6:      layout_rooms, nicolae_hepliaklqana_hippocampus,
          minmay_temple_entry_large_hall
D:7:      layout_cave_pools, gammafunk_ghost_arena, serial_shops,
          nicolae_shop_gaudy_bauble, kennysheep_doodads, nicolae_elemental_shop,
          amcnicky_mini_corridor_feature, minmay_the_grid_2x2
          [minmay_the_grid_minigrid_medium, minmay_the_grid_aliased_spiral,
          minmay_the_grid_all_tris, minmay_the_grid_prize_four_corners]

Skill      XL: |  1  2  3  4  5  6  7  8 |
---------------+-------------------------+-----
Long Blades    | 3 4 5 6 8 |  8.7
Fighting       | 3 4 6 9 |  9.3
Throwing       | |  1.7
Dodging        | |  2.6

Action                     |  1- 3 |  4- 6 |  7- 9 || total
---------------------------+-------+-------+-------++-------
  Melee: Long sword        |    60 |   228 |   134 ||   422
         Great sword       |    17 |     1 |       ||    18
         Touch             |       |       |    20 ||    20
  Throw: Throwing net      |       |     2 |     4 ||     6
         Dart              |       |       |    19 ||    19
  Evoke: Wand              |       |       |     8 ||     8
    Use: Scroll            |       |     3 |     5 ||     8
         Potion            |       |     1 |     3 ||     4
   Stab: Paralysed         |       |     2 |     3 ||     5
         Held in net/web   |       |       |     2 ||     2
 Armour: Leather armour    |    43 |   177 |   119 ||   339
  Dodge: Dodged            |    55 |   216 |   111 ||   382

Table legend: (Time is in decaauts)
 A = Elapsed time spent in this place.
 B = Non-inter-level travel time spent in this place.
 C = Inter-level travel time spent in this place.
 D = Time resting spent in this place.
 E = Time spent auto-exploring this place.
 F = Levels seen in this place.
 G = Mean time per level.
                   A        B        C        D        E       F      G
               +--------+--------+--------+--------+--------+-----+--------+
         Total |   6059 |   5542 |    517 |   1063 |   2711 |   7 |  865.6 |
       Dungeon |   6059 |   5542 |    517 |   1063 |   2711 |   7 |  865.6 |
               +--------+--------+--------+--------+--------+-----+--------+

Top non-repeatable levels by time:
     D:6: 1354 daAuts
     D:4: 1172 daAuts
     D:5: 857 daAuts
     D:2: 790 daAuts
     D:7: 651 daAuts
     D:1: 635 daAuts
     D:3: 598 daAuts
